 Dungeon Crawl Stone Soup version 0.29.1-12-g30fa7ad0bf (webtiles) character file.

Game seed: 7416951763008404019

3318 cheesebisquit the Grappler (level 9, -7/139 HPs)
             Began as a Troll Fighter on Jan 19, 2023.
             Was a Believer of Okawaru.
             Mangled by an orc warrior
             ... wielding a +3 halberd
              (9 damage)
             ... on level 8 of the Dungeon.
             The game lasted 00:30:14 (6142 turns).

cheesebisquit the Grappler (Troll Fighter)          Turns: 6142, Time: 00:30:15

Health: -7/139     AC: 24    Str: 26    XL:     9   Next: 71%
Magic:  8/8        EV:  1    Int:  8    God:    Okawaru [**....]
Gold:   315        SH:  8    Dex:  9    Spells: 8/8 levels left

rFire   + . .      SeeInvis .     - Unarmed
rCold   . . .      Faith    .   b - +1 kite shield
rNeg    . . .      Spirit   .   (body armour currently unavailable)
rPois   +          Reflect  .   (helmet currently unavailable)
rElec   .          Harm     .   (cloak currently unavailable)
rCorr   .          Rampage  .   (gloves unavailable)
Will    .....      NoTele   +   (boots unavailable)
Stlth   +.........              (no amulet)
HPRegen 1.13/turn               y - ring of wizardry
MPRegen 0.11/turn               l - ring of protection from fire

@: tree-form, invisible
A: stationary, stasis, torment immunity, boosted hp, large, unfitting armour,
(claws 3), regeneration 1, (shaggy fur 1), (tough skin 1)
a: Renounce Religion, Heroism


You were on level 8 of the Dungeon.
You worshipped Okawaru.
Okawaru was pleased with you.
You were a tree.
You visited 2 branches of the dungeon, and saw 10 of its levels.

You collected 315 gold pieces.

Inventory:

Armour
 a - a +0 robe (melded)
 b - a +1 kite shield (worn)
Jewellery
 l - a ring of protection from fire (right branch)
 y - a ring of wizardry (left branch)
Wands
 e - a wand of roots (5)
 h - a wand of polymorph (5)
Scrolls
 d - a scroll of poison
 f - a scroll of teleportation
 g - 6 scrolls of vulnerability
 i - a scroll of enchant weapon {unknown}
 k - 3 scrolls of brand weapon {unknown}
 m - a scroll of magic mapping
 p - a scroll of blinking
 q - 2 scrolls of amnesia
Potions
 c - 2 potions of flight
 j - 2 potions of lignification
 n - 2 potions of attraction
 o - 2 potions of curing
 u - a potion of mutation
 w - 2 potions of resistance


   Skills:
 + Level 7.1 Fighting
 + Level 7.1 Throwing
 - Level 2.4 Dodging
 - Level 2.6 Shields
 + Level 8.4 Unarmed Combat


You had 8 spell levels left.
You didn't know any spells.
Your spell library contained the following spells:

 Spells                   Type           Power      Damage    Failure   Level
 Magic Dart               Conj           0%         1d3       38%         1
 Mephitic Cloud           Conj/Pois/Air  0%         N/A       75%         3
 Corpse Rot               Necr/Pois/Air  0%         N/A       98%         4
 Fulminant Prism          Conj/Hex       0%         3d6       98%         4
 Iskenderun's Mystic Bla  Conj/Tloc      0%         2d3       98%         4
 Lee's Rapid Deconstruct  Erth           0%         3d5*      100%        5
 Lightning Bolt           Conj/Air       0%         1d11      100%        5
 Call Imp                 Summ           Unusable   N/A       N/A         2
 Animate Dead             Necr           Unusable   N/A       N/A         4

Dungeon Overview and Level Annotations

Branches:
Dungeon (9/15)             Temple (1/1) D:6
   Lair: D:8-11         Orc: D:9-12

Altars:
Ashenzari
Cheibriados
Dithmenos
Elyvilon
Fedhas
Gozag
Hepliaklqana
Nemelex Xobeh
Okawaru
Qazlal
Sif Muna
Trog
Vehumet
Xom
Yredelemnul
Zin
The Shining One

Shops:
D:1 =   D:5 *


Innate Abilities, Weirdness & Mutations

You are a tree.
Your roots penetrate the ground, keeping you stationary.
You cannot be teleported.
You are immune to unholy pain and torment.
Your maximum health is greatly increased.
Your equipment is partially melded.
You are too large for most types of armour.
((You have claws for hands.))
Your natural rate of healing is unusually fast.
((You are covered in fur. (AC +1)))
((You have tough skin. (AC +1)))


Message History

* * * LOW HITPOINT WARNING * * *
The orc wizard hits you but does no damage.
You feel less confused.
The orc warrior hits you from afar with a +3 halberd!
Keep disrobing? [Y]es or [N]o only, please.
Keep disrobing?
You stop removing your armour.
* * * LOW HITPOINT WARNING * * *
The orc warrior hits you but does no damage.
Keep disrobing?
You stop removing your armour.
The orc wizard hits you but does no damage.
You closely miss the orc wizard.
The orc wizard is lightly wounded.
You block the orc warrior's attack.
You barely miss the orc wizard.
The orc wizard is lightly wounded.
The orc wizard hits you but does no damage.
You block the orc warrior's attack.
You pummel the orc wizard!!
You kill the orc wizard!
Okawaru accepts your kill.
The orc warrior hits you from afar with a +3 halberd.
* * * LOW HITPOINT WARNING * * *
The orc wizard mumbles some strange words.
The orc wizard flickers and vanishes!
Deactivating autopickup; reactivate with Ctrl-A.
The orc warrior hits you from afar with a +3 halberd!
* * * LOW HITPOINT WARNING * * *
Okay, then.
Okay, then.
You cannot move.
You closely miss something.
The orc warrior hits you from afar with a +3 halberd.
* * * LOW HITPOINT WARNING * * *
Something hits you but does no damage.
You fade into invisibility!
The orc warrior hits you from afar with a +3 halberd!
You die...

. .. .# ... .###..
.... ...... ..o##
......
#ho####........#.
#o{##...........
###♣............ .
#............. ..
##............ #..
#............ #..
#............
#...###.).)........
###....#))..........
........)...........
...######.........#.


You could see a warg, an orc warrior (unable to see you) and 2 orcs.

Vanquished Creatures
  A two-headed ogre (D:6)
  A gargoyle (D:6)
  Grinder (D:6)
  Eustachio (D:6)
  Menkaure (D:5)
  Edmund (D:5)
  A warg (D:8)
  An ice beast (D:6)
  An orc warrior (D:6)
  A sky beast (D:7)
  2 ogres (D:5)
  2 centaurs
  2 phantoms (D:5)
  Blork the orc (D:5)
  A gnoll sergeant (D:8)
  A necrophage (D:7)
  A scorpion (D:3)
  A howler monkey (D:6)
  An electric eel (D:6)
  5 hounds
  An orc priest (D:5)
  2 iguanas
  6 orc wizards
  5 adders
  7 gnolls
  3 shadow imps
  2 white imps (D:6)
  An ufetubus (D:5)
  A worm (D:4)
  4 dart slugs
  21 orcs
  5 endoplasms
  5 giant cockroaches
  9 goblins
  6 hobgoblins
  2 jackals (D:3)
  4 quokkas
  4 ball pythons
  3 bats
  4 frilled lizards
  8 kobolds
  6 rats
136 creatures vanquished.

Vanquished Creatures (collateral kills)
  An orc wizard (D:6)
  5 orcs (D:6)
6 creatures vanquished.

Grand Total: 142 creatures vanquished

Notes
Turn   | Place    | Note
-------+----------+-------------------------------------------
     0 | D:1      | cheesebisquit the Troll Fighter began the quest for the
                  | Orb.
     0 | D:1      | Reached XP level 1. HP: 22/22 MP: 0/0
   101 | D:1      | Found Dyenn's Jewellery Shoppe.
   133 | D:1      | Reached XP level 2. HP: 29/29 MP: 1/1
   521 | D:1      | Reached skill level 1 in Throwing
   537 | D:1      | Reached XP level 3. HP: 36/36 MP: 2/2
   584 | D:1      | Reached skill level 3 in Unarmed Combat
  1373 | D:3      | Reached XP level 4. HP: 45/45 MP: 3/3
  1422 | D:3      | Noticed a scorpion
  1424 | D:3      | Killed a scorpion
  1425 | D:3      | Reached XP level 5. HP: 53/53 MP: 4/4
  1505 | D:3      | Got the Spellbook of Windy Blasphemous Arts
  2413 | D:4      | Identified the +0 ring mail of Chimes {rPois Int+2 Dex+6}
  2542 | D:4      | Reached skill level 4 in Unarmed Combat
  2546 | D:4      | Found an iron altar of Okawaru.
  2885 | D:5      | Entered Level 5 of the Dungeon
  2921 | D:5      | Found Lylyot's General Store.
  2932 | D:5      | Reached XP level 6. HP: 59/62 MP: 5/5
  2997 | D:5      | Noticed Menkaure
  3008 | D:5      | Killed Menkaure
  3226 | D:5      | Reached XP level 7. HP: 43/70 MP: 6/6
  3310 | D:5      | Noticed Edmund
  3334 | D:5      | Killed Edmund
  3335 | D:5      | Reached skill level 5 in Unarmed Combat
  3452 | D:5      | Noticed Blork the orc
  3468 | D:5      | Killed Blork the orc
  4044 | D:6      | Noticed Grinder
  4053 | D:6      | Found a staircase to the Ecumenical Temple.
  4063 | Temple   | Entered the Ecumenical Temple
  4066 | Temple   | Reached skill level 5 in Fighting
  4066 | Temple   | Reached XP level 8. HP: 18/80 MP: 7/7
  4493 | D:4      | Became a worshipper of Warmaster Okawaru
  4599 | D:6      | Reached skill level 6 in Unarmed Combat
  4687 | D:5      | Reached skill level 5 in Throwing
  4781 | D:6      | Killed Grinder
  4781 | D:6      | Reached * piety under Okawaru
  4943 | D:6      | Found a shadowy altar of Dithmenos.
  5269 | D:6      | Noticed Eustachio
  5276 | D:6      | Killed Eustachio
  5277 | D:6      | Reached skill level 7 in Unarmed Combat
  5314 | D:6      | Noticed a gargoyle
  5321 | D:6      | Noticed a two-headed ogre
  5322 | D:6      | Killed a gargoyle
  5322 | D:6      | Reached ** piety under Okawaru
  5323 | D:6      | Reached XP level 9. HP: 33/89 MP: 5/8
  5607 | D:6      | Killed a two-headed ogre
  5674 | D:7      | Identified the +8 flail "Bokkac" {spect, *Slow rPois MP+9}
  5757 | D:7      | Reached skill level 8 in Unarmed Combat
  5922 | D:7      | You fall into a shaft and drop 2 floors!
  6140 | D:8      | HP: 5/139 [orc warrior/+3 halberd (11)]
  6141 | D:8      | HP: 1/139 [orc warrior/+3 halberd (5)]
  6142 | D:8      | Mangled by an orc warrior

Illustrated notes

Levels and vault maps discovered:
D:1:      minmay_arrival_hallway, layout_loops_ring, serial_shops,
          shop_fountains, minmay_surrounded
D:2:      layout_basic
D:3:      layout_basic, nicolae_eternal_life, minivault_27
D:4:      layout_gridville, okawaru_altar_gauntlet_db, hangedman_decor_lopped,
          grunt_ministairs_6, minmay_misc_feat_tiny
D:5:      layout_gridville, kennysheep_small_circle, uniq_blork_the_orc,
          uniq_edmund, uniq_menkaure
D:6:      layout_cave_pools, nicolae_dithmenos_the_darkroom,
          minmay_temple_entry_butterflies, minivault_14, nrook_campfire,
          minmay_three_doors, uniq_grinder, uniq_eustachio
D:7:      layout_basic, nicolae_ru_the_path_less_chosen, chequers_avenue,
          hangedman_abyss_or_decor_lesser_grid
D:8:      layout_layer_cave, kiku_gazebo_pond_becter,
          eat_drink_and_be_merry_uskayaw, nicolae_wu_jian_immortal_techniques,
          erik_lair_orcish_takeover, nicolae_elevator_lobby_plus
D:9:      minmay_recursive_quarters, layout_layer_cave, bloody_makhleb,
          erik_orc_3, hellmonk_guarded_unrand_gyre_and_gimble
Temple:   regret_index_temple_generic_petals

Skill      XL: |  1  2  3  4  5  6  7  8  9 |
---------------+----------------------------+-----
Throwing       | 1 2 3 4 6 7 |  7.1
Unarmed Combat | 3 4 5 7 8 |  8.4
Fighting       | 3 4 5 6 7 |  7.1
Dodging        | |  2.4
Shields        | |  2.6

Action                   |  1- 3 |  4- 6 |  7- 9 || total
-------------------------+-------+-------+-------++-------
Melee: Unarmed           |    95 |    81 |   198 ||   374
Throw: Stone             |    35 |    25 |    23 ||    83
       Dart              |    25 |    66 |    12 ||   103
       Throwing net      |       |     1 |     2 ||     3
       Boomerang         |       |       |    17 ||    17
Invok: Heroism           |       |       |     4 ||     4
  Use: Scroll            |       |       |    20 ||    20
       Potion            |       |       |     6 ||     6
 Stab: Sleeping          |       |     1 |       ||     1
Armor: Robe              |    25 |    14 |    31 ||    70
       Skin              |       |       |     5 ||     5
Dodge: Dodged            |    27 |    20 |    60 ||   107
Block: Kite shield       |    22 |    19 |    78 ||   119
